 Dungeon Crawl Stone Soup version 0.30.1-11-g7821555f0a (webtiles) character file.

Game seed: 7654504368449179573

42 lonewolfV2 the Shield-Bearer (level 3, -3/31 HPs)
             Began as a Formicid Fighter on Nov 14, 2023.
             Slain by a gnoll
             ... wielding a +0 halberd
              (5 damage)
             ... on level 2 of the Dungeon.
             The game lasted 00:01:16 (915 turns).

lonewolfV2 the Shield-Bearer (Formicid Fighter)      Turns: 915, Time: 00:01:16

Health: -3/31      AC:  6    Str: 22    XL:     3   Next: 80%
Magic:  3/3        EV:  9    Int:  7    God:
Gold:   62         SH:  5    Dex: 13    Spells: 2/2 levels left

rFire   . . .        a - +0 war axe
rCold   . . .        c - +0 buckler
rNeg    . . .        b - +0 scale mail
rPois   .            (helmet unavailable)
rElec   .            (no cloak)
rCorr   .            (no gloves)
SInv    +            (no boots)
Will    .....        (no amulet) Stlth
                     (no ring)
HPRegen 0.25/turn    (no ring)
MPRegen 0.08/turn

%: no passive effects
@: no status effects
A: permanent stasis, dig shafts and tunnels, antennae 3, four strong arms
a: Dig, Shaft Self


You were on level 2 of the Dungeon.
You visited 1 branch of the dungeon, and saw 2 of its levels.

You collected 62 gold pieces.

Inventory:

Hand Weapons
 a - a +0 war axe (weapon)
Armour
 b - a +0 scale mail (worn)
 c - a +0 buckler (worn)
Scrolls
 f - a scroll of vulnerability
 i - a scroll of identify {unknown}
Potions
 d - 2 potions of might
 e - a potion of invisibility {unknown}
 g - a potion of ambrosia {unknown}
 h - a potion of degeneration {unknown}


   Skills:
 * Level 4.4 Fighting
 - Level 2.0 Axes
 - Level 3.2 Armour
 + Level 4.7 Shields


You had 2 spell levels left.
You didn't know any spells.
Your spell library was empty.

Dungeon Overview and Level Annotations

Branches:
Dungeon (2/15)

Altars:
Uskayaw


Innate Abilities, Weirdness & Mutations

You cannot be hasted, slowed, berserked, paralysed or teleported.
You can dig through walls and to a lower floor.
You have a pair of large antennae on your head. (SInv)
Your four strong arms can wield two-handed weapons with a shield.


Message History

The gnoll hits you but does no damage.
You slash the gnoll!
You kill the gnoll!
You see here a +0 flail.
Found 6 boomerangs.
Found a quarterstaff.
You now have 62 gold pieces (gained 17).
e - a fuming coppery potion
i - a scroll labelled NUIDYC RUSOHO A goblin and 2 gnolls come into view.
Found a scroll labelled IHOM MUPNOD.
The gnoll shouts! x2
There are monsters nearby!
There are monsters nearby!
You slash the gnoll!
The gnoll is severely wounded.
The gnoll barely misses you.
A frilled lizard comes into view.
The gnoll hits you from afar with a +0 halberd.
The frilled lizard hisses angrily.
You hit the gnoll.
You kill the gnoll!
You block the gnoll's attack. The gnoll hits you but does no damage.
Things that are here:
a +0 flail; a gnoll corpse You hit the gnoll.
The gnoll is lightly wounded.
The gnoll barely misses you. The gnoll hits you with a +0 halberd!
You hit the gnoll.
The gnoll is moderately wounded.
You slash the goblin!
You kill the goblin!
The gnoll hits you with a +0 halberd!
You slash the gnoll!
The gnoll is almost dead.
The gnoll hits you with a +0 halberd!
* * * LOW HITPOINT WARNING * * *
The gnoll hits you with a +0 halberd.
You die...

#...).....#
#.##.........#
#.#..........#
#.#..........#
#.#..........# #{
#.#..........# #.#
#.#..........# ..
#g#(.........#
.####.#@#.##.###########
......l).....)..........
.####.#.#.##############
#.#.#.#.....# #
#.#.#.###.#
#.#.#.###.########
#.#.#...#.........
#.#.###.#......... #?#.#
#.#.........


You could see a gnoll and a frilled lizard.

Vanquished Creatures
  2 gnolls (D:2)
  A ball python (D:1)
  2 endoplasms (D:1)
  A goblin (D:2)
  5 hobgoblins (D:1)
  A quokka (D:2)
  2 bats
  A frilled lizard (D:2)
  4 kobolds (D:1)
  3 rats
22 creatures vanquished.

Notes
Turn   | Place    | Note
-------+----------+-------------------------------------------
     0 | D:1      | lonewolfV2 the Formicid Fighter began the quest for the
                  | Orb.
     0 | D:1      | Reached XP level 1. HP: 18/18 MP: 1/1
   139 | D:1      | Reached XP level 2. HP: 21/23 MP: 2/2
   741 | D:2      | Reached XP level 3. HP: 30/30 MP: 3/3
   809 | D:2      | Found a hide-covered altar of Uskayaw.
   915 | D:2      | Slain by a gnoll

Illustrated notes

Levels and vault maps discovered:
D:1:      dpeg_arrival_tiny_g, layout_basic
D:2:      layout_basic, basic_altar, minmay_heptomino_d4

Skill      XL: |  1  2 |
---------------+-------+-----
Fighting       | 4 |  4.4
Axes           | |  2.0
Armour         | |  3.2
Shields        | |  4.7

Action                     || total
---------------------------++-------
  Melee: War axe           ||    41
    Use: Scroll            ||     2
 Armour: Scale mail        ||    18
  Dodge: Dodged            ||    21
  Block: Buckler           ||     7
